Match 45144111
Unlisted

Match 45144111
End
Construct Section Command Post
Dingo Light Scout Car
Infantry Section
Infantry Section
Infantry Section
Construct Platoon Command Post
6-pounder Anti-tank Gun Team
CMP 15cwt Truck
Infantry Training
Grenade Package
Construct Company Command Post
Forward Retreat Point
Royal Engineer Section
Foot Guards Section
Crusader II Medium Tank
Crusader II Medium Tank
Farsurem
Keonis
Kuma
狐狸精
我小叮当今晚要搞事!
Scorps
Destiny
游戏玩家
0
0

Comments sign in to comment!

No comments posted yet!